 Dungeon Crawl Stone Soup version 0.24.1 (webtiles) character file.

Game seed: 16141285067849246357, levelgen mode: deterministic

1833 Destapler the Stinger (level 9, 0/63 HPs)
             Began as a Merfolk Venom Mage on Mar 31, 2020.
             Was an Initiate of Sif Muna.
             Killed from afar by a steam dragon (11 damage)
             ... with a ball of steam
             ... on level 7 of the Dungeon.
             The game lasted 00:58:25 (10654 turns).

Destapler the Stinger (Merfolk Venom Mage)         Turns: 10654, Time: 00:58:25

Health: 0/63       AC:  6    Str:  8    XL:     9   Next: 11%
Magic:  7/13       EV: 13    Int: 17    God:    Sif Muna [......]
Gold:   269        SH:  0    Dex: 15    Spells: 7/14 levels left

rFire    . . .     SeeInvis .   a - +5 spear
rCold    + . .     Gourm    .   (no shield)
rNeg     . . .     Faith    +   r - +0 robe
rPois    .         Spirit   .   n - +0 helmet
rElec    .         Reflect  .   z - +1 cloak
rCorr    .         Harm     .   s - +0 pair of gloves
MR       +....                  (no boots)
Stlth    +++.......             y - amulet of faith
HPRegen  0.20/turn              v - ring of protection from cold
MPRegen  0.13/turn              l - ring of protection from magic

@: very slightly contaminated, lightly drained
A: change form in water, swift swim, stealthy swim
a: Renounce Religion


You were on level 7 of the Dungeon.
You worshipped Sif Muna.
Sif Muna was noncommittal.
You were not hungry.

You visited 2 branches of the dungeon, and saw 8 of its levels.

You collected 334 gold pieces.
You spent 65 gold pieces at shops.

Inventory:

Hand Weapons
 a - a +5 spear (weapon)
 b - a +4 dagger
Missiles
 o - 29 poisoned darts (quivered)
 q - 5 silver boomerangs
 t - 3 javelins
 x - 3 throwing nets
Armour
 n - a +0 helmet (worn)
 r - a +0 robe (worn)
 s - a +0 pair of gloves (worn)
 z - a +1 cloak (worn)
Jewellery
 l - a ring of protection from magic (right hand)
 v - a ring of protection from cold (left hand)
 y - an amulet of faith (around neck)
 A - an uncursed ring of flight
Wands
 d - a wand of iceblast (16)
Scrolls
 i - a scroll of enchant armour
 k - a scroll of remove curse
 m - 4 scrolls of immolation
 p - 2 scrolls of fog
 w - a scroll of teleportation
Potions
 e - a potion of cancellation {unknown}
 f - a potion of lignification {unknown}
 g - 2 potions of heal wounds
 j - 2 potions of curing {unknown}
 u - a potion of might {unknown}
 B - a potion of brilliance {unknown}
 C - 2 potions of haste {unknown}
Comestibles
 c - 11 rations


   Skills:
 - Level 3.0(2.5) Fighting
 - Level 2.1(1.6) Short Blades
 + Level 5.9(5.4) Polearms
 + Level 3.2(2.7) Throwing
 - Level 3.7(3.3) Dodging
 - Level 5.0(4.5) Stealth
 - Level 3.1(2.6) Spellcasting
 - Level 1.0(0.6) Conjurations
 - Level 3.0(2.5) Translocations
 * Level 7.2(6.7) Poison Magic
 - Level 3.0(2.5) Evocations


You had 7 spell levels left.
You knew the following spells:

 Your Spells              Type           Power        Failure   Level  Hunger
a - Sting                 Conj/Pois      ##..         4%          1    #......
r - Olgreb's Toxic Radia  Pois           ####....     12%         4    #####..
B - Blink                 Tloc           N/A          10%         2    ##.....

Your spell library contained the following spells:

 Spells                   Type           Power        Failure   Level  Hunger
 Poisonous Vapours        Pois/Air       ##....       7%          2    ##.....
 Magic Dart               Conj           #...         14%         1    #......
 Corona                   Hex            #......      19%         1    #......
 Freeze                   Ice            #...         19%         1    #......
 Mephitic Cloud           Conj/Pois/Air  ##......     21%         3    ###....
 Throw Frost              Conj/Ice       #.....       24%         2    ##.....
 Call Imp                 Summ           #.......     28%         2    ##.....
 Ensorcelled Hibernation  Hex/Ice        #.....       28%         2    ##.....
 Slow                     Hex            #.......     28%         2    ##.....
 Conjure Flame            Conj/Fire      #.......     43%         3    ###....
 Dazzling Spray           Conj/Hex       #.....       43%         3    ###....
 Confuse                  Hex            #.......     50%         3    ###....
 Ozocubu's Armour         Chrm/Ice       #.......     50%         3    ###....
 Tukima's Dance           Hex            #.......     50%         3    ###....
 Venom Bolt               Conj/Pois      ##........   73%         5    ######.
 Throw Icicle             Conj/Ice       #.......     85%         4    #####..
 Summon Ice Beast         Ice/Summ       #.......     88%         4    #####..


Dungeon Overview and Level Annotations

Branches:
Dungeon (7/15)             Temple (1/1) D:6

Altars:
Ashenzari
Cheibriados
Dithmenos
Elyvilon
Fedhas
Gozag
Kikubaaqudgha
Makhleb
Nemelex Xobeh
Sif Muna
Trog
Uskayaw
Vehumet
Wu Jian
Yredelemnul
Zin
The Shining One

Shops:
D:4 !   D:5 %   D:6 %

Annotations:
D:5 exclusion: downstairs
D:7 Harold


Message History

* * * LOW HITPOINT WARNING * * *
The steam dragon barely misses you. The steam dragon closely misses you.
Casting: Sting (safe; 4% risk of failure)
Confirm with . or Enter, or press ? or * to list all spells.
Aiming: Sting (safe; 4% risk of failure)
Press: ? - help, Shift-Dir - straight line, f/p - steam dragon
Aim: a steam dragon (heavily wounded, poisoned, catching its breath)
The sting hits the steam dragon but does no damage.
The steam dragon looks even sicker.
The steam dragon is heavily wounded.
The steam dragon bites you!
* * * LOW HITPOINT WARNING * * *
The steam dragon claws you but does no damage.
You feel much better. The steam dragon breathes steam at you.
The ball of steam hits you!!
* * * LOW HITPOINT WARNING * * *
The steam dragon breathes steam at you. The ball of steam hits you!
You die...

###.........#....#.....#.........
#.#..............##..............
.>....##.......###...........>...
<(....#........###...............
......##.....#.##................
.#....###...##.##........#.......
.#......#..###....#.#...####.....
...##......#...##...###..#.......
....#......(...§@##..##.#.....###
#...#....#.#...D§§#.###.#.....#
#.....##.####....##.#.......###
##....##......####.(.)......#
#....##........####).#....##
#....##.........##.).#<..##
#..................####..#
................ ####
................


You could see a steam dragon.

Vanquished Creatures
  A black bear (D:6)
  An ogre (D:4)
  3 centaurs
  A bullfrog (D:6)
  A scorpion (D:5)
  4 killer bees (D:6)
  4 wights (D:6)
  4 crimson imps
  A bullfrog zombie (D:6)
  3 hounds
  A centaur skeleton (D:7)
  5 orc wizards
  2 orc priests
  2 iguanas
  3 worker ants
  A killer bee zombie (D:7)
  A hound skeleton (D:7)
  7 gnolls
  10 adders
  A shadow imp (D:5)
  An ooze (D:3)
  2 adder skeletons (D:5)
  An adder zombie (D:6)
  3 worms
  2 dart slugs (D:1)
  6 leopard geckos
  19 orcs
  9 bats
  9 giant cockroaches
  8 goblins
  10 hobgoblins
  6 jackals
  2 quokkas
  A ball python zombie (D:5)
  5 frilled lizards
  A giant cockroach zombie (D:5)
  5 kobolds
  A quokka skeleton (D:6)
  14 rats
161 creatures vanquished.

Notes
Turn   | Place    | Note
-------+----------+-------------------------------------------
     0 | D:1      | Destapler the Merfolk Venom Mage began the quest for the
                  | Orb.
     0 | D:1      | Reached XP level 1. HP: 13/13 MP: 3/3
    62 | D:1      | Reached skill level 1 in Conjurations
    62 | D:1      | Reached XP level 2. HP: 19/19 MP: 1/5
   425 | D:1      | Reached XP level 3. HP: 15/24 MP: 3/6
  1173 | D:2      | Found a shattered altar of Ashenzari.
  1423 | D:2      | Reached XP level 4. HP: 30/30 MP: 3/8
  1471 | D:2      | Learned a level 4 spell: Olgreb's Toxic Radiance
  1496 | D:2      | Found a bloodstained altar of Trog.
  1542 | D:2      | Reached skill level 4 in Poison Magic
  2259 | D:2      | Reached skill level 1 in Fighting
  2259 | D:2      | Reached skill level 1 in Evocations
  2259 | D:2      | Reached XP level 5. HP: 37/37 MP: 1/9
  2650 | D:3      | Found a sparkling altar of Nemelex Xobeh.
  2971 | D:3      | Found a glowing golden altar of the Shining One.
  3120 | D:4      | Found a blossoming altar of Fedhas.
  3135 | D:4      | Learned a level 2 spell: Blink
  3344 | D:4      | Reached skill level 1 in Polearms
  3539 | D:4      | Reached XP level 6. HP: 14/44 MP: 1/10
  3908 | D:4      | Reached skill level 1 in Short Blades
  3954 | D:4      | Found Xat Runlum's Distillery.
  3958 | D:4      | Bought a potion of heal wounds for 65 gold pieces
  4547 | D:4      | Reached skill level 1 in Translocations
  4547 | D:4      | Reached XP level 7. HP: 34/51 MP: 4/11
  4836 | D:5      | Entered Level 5 of the Dungeon
  6277 | D:5      | Found Nimnueve's Food Shoppe.
  6728 | D:6      | Found a staircase to the Ecumenical Temple.
  6966 | D:6      | Reached skill level 5 in Poison Magic
  7101 | D:6      | Reached XP level 8. HP: 45/58 MP: 12/12
  7151 | D:6      | Reached skill level 1 in Throwing
  7513 | D:6      | Reached skill level 5 in Stealth
  7593 | D:6      | Found Fyal's Food Emporium.
  7636 | D:6      | Reached skill level 6 in Poison Magic
  8280 | Temple   | Entered the Ecumenical Temple
  8386 | Temple   | Became a worshipper of Sif Muna the Loreminder
  8429 | D:6      | Reached skill level 5 in Polearms
  8478 | D:7      | Noticed Harold
  9124 | D:6      | Found a staircase to the Ecumenical Temple.
  9369 | D:6      | Found Fyal's Food Emporium.
  9884 | D:6      | Reached XP level 9. HP: 39/63 MP: 8/13
 10320 | D:7      | Reached skill level 7 in Poison Magic
 10654 | D:7      | Killed from afar by a steam dragon

Levels and vault maps discovered:
D:1:      psy_arrival_radial01, layout_basic
D:2:      cheibrodos_old_hovel, layout_basic, lemuel_crystal_altar,
          overflow_temple_1_default, minmay_domino_4
D:3:      layout_loops_ring, tso_oasis_becter, nemelex_xobeh_ov_fountains_minmay
D:4:      layout_layer_cave, serial_shops, nicolae_shop_trees, first_ration,
          fedhas_altar_1
D:5:      layout_basic, serial_shops, kennysheep_mini
D:6:      layout_gridville, temple_pool_b, serial_shops, shop_fountains
D:7:      layout_cave_pools, basic_altar, the_bakery, uniq_joseph, uniq_harold
Temple:   dshaligram_water_room_temple

Skill      XL: |  1  2  3  4  5  6  7  8  9 |
---------------+----------------------------+-----
Conjurations   | 1 |  1.0
Dodging        | 3 |  3.7
Poison Magic   | 4 5 6 7 |  7.2
Fighting       | 1 2 3 |  3.0
Evocations     | 1 2 3 |  3.0
Stealth        | 3 4 5 |  5.0
Spellcasting   | 3 |  3.1
Polearms       | 1 2 3 5 |  5.9
Short Blades   | 1 2 |  2.1
Translocations | 1 3 |  3.0
Throwing       | 2 3 |  3.2

Action                   |  1- 3 |  4- 6 |  7- 9 || total
-------------------------+-------+-------+-------++-------
Melee: Unarmed           |    11 |       |       ||    11
       Club              |    22 |       |       ||    22
       Short sword       |    34 |       |       ||    34
       Dagger            |    11 |    52 |    82 ||   145
       Spear             |       |    82 |   389 ||   471
       Tailslap          |       |       |     5 ||     5
Throw: Boomerang         |     4 |       |   165 ||   169
       Dart              |       |     3 |    29 ||    32
       Javelin           |       |       |     2 ||     2
 Cast: Sting             |    42 |    97 |   184 ||   323
       Blink             |       |     1 |     4 ||     5
       Olgreb's Toxic Ra |       |       |     1 ||     1
Evoke: Wand              |       |       |     1 ||     1
  Use: Scroll            |       |       |    10 ||    10
       Potion            |       |       |     4 ||     4
 Stab: Sleeping          |     7 |    13 |     3 ||    23
  Eat: Chunk             |     2 |    10 |    13 ||    25
       Ration            |       |       |     3 ||     3
Armor: Robe              |    16 |    29 |   115 ||   160
Dodge: Dodged            |    79 |   120 |   387 ||   586
